AoeStats
← VLC | _Sr Mike_

African Clearing

510459438Analyzed
3v3 RM · 2d ago on Oct 1, 2026· 42m 56s· 6 players
Game mode
Random Map
Map size
Normal (6 player)
Population
200
Speed
Normal
Resources
Standard
Victory
Conquest
Starting age
Dark Age
Ending age
Imperial Age
RankedLock teamsTeams togetherTeam positionsShared explorationLock speedFull tech treeHidden civsTurbo modeCheats
Victory
Defeat
🇹🇼 Saracens · Taiwan
1536
+18
🇭🇰 Malians · Hong Kong SAR China
1469
+21
🇺🇸 Koreans · United States
1455
+22
🇨🇴 Tupi · Colombia
1587
-21
🇨🇴 Maya · Colombia
1585
-20
🇨🇴 Inca · Colombia
1582
-20
MooSpecial
13:57 Feudal Age
12:32 Loom
14:44 Double-Bit Axe
15:30 Fletching
20:19 Castle Age
21:51 Bow Saw
28:38 Bodkin Arrow
30:23 Wheelbarrow
30:20 Horse Collar
31:19 Town Watch
33:29 Hand Cart
33:16 Heavy Plow
41:06 Imperial Age
41:49 Ballistics
42:57 Chemistry
41:58 Bracer
42:46 Siege Engineers
42:22 Treadmill Crane
42:55 Husbandry
42:16 Light Cavalry
Game project 0001
11:10 Loom
13:17 Feudal Age
17:53 Castle Age
15:40 Double-Bit Axe
16:17 Horse Collar
19:00 Scale Barding Armor
22:18 Chain Barding Armor
25:01 Bow Saw
24:52 Heavy Plow
25:07 Devotion
25:17 Town Watch
28:11 Wheelbarrow
27:58 Fletching
30:27 Town Patrol
30:43 Hand Cart
30:45 Bodkin Arrow
35:06 Imperial Age
35:09 Husbandry
35:19 Bloodlines
35:29 Tigui
36:19 Cavalier
WhisperyChunk92
9:36 Loom
11:49 Feudal Age
12:04 Man-at-Arms
16:16 Double-Bit Axe
16:35 Fletching
24:39 Castle Age
23:09 Gold Mining
25:16 Bodkin Arrow
25:00 Crossbowman
31:04 Bow Saw
32:20 Wheelbarrow
32:02 Horse Collar
35:11 Heavy Plow
36:36 Hand Cart
37:00 Stone Mining
42:13 Imperial Age
40:40 Gold Shaft Mining
40:26 Scale Barding Armor
40:51 Bloodlines
40:41 Husbandry
40:59 Forging
41:54 Chain Barding Armor
41:11 Light Cavalry
42:28 Iron Casting
43:44 Plate Barding Armor
VLC | DeaH
11:48 Loom
13:37 Feudal Age
14:49 Double-Bit Axe
18:05 Castle Age
15:59 Stone Mining
15:52 Horse Collar
16:27 Gold Mining
19:15 Wheelbarrow
19:08 Bow Saw
20:36 Fletching
24:12 Bodkin Arrow
27:07 Heavy Plow
27:29 Hand Cart
28:41 Padded Archer Armor
29:05 Ballistics
33:05 Imperial Age
33:13 Stone Shaft Mining
32:46 Thumb Ring
33:48 Bracer
34:56 Chemistry
33:33 Pikeman
34:16 Scale Mail Armor
35:25 Leather Archer Armor
36:07 Conscription
36:52 Two-Man Saw
36:23 Crop Rotation
37:08 Ring Archer Armor
38:10 Hoardings
40:10 Chain Mail Armor
40:06 Forging
41:07 Squires
41:45 Masonry
VLC | GCuello
8:00 Loom
12:18 Feudal Age
12:52 Double-Bit Axe
13:06 Champi Runner
17:01 Arson
17:49 Arson
22:01 Scale Mail Armor
24:43 Horse Collar
27:06 Wheelbarrow
26:37 Fletching
32:53 Castle Age
31:58 Gold Mining
33:29 Padded Archer Armor
32:54 Elite Skirmisher
33:31 Bodkin Arrow
33:49 Thumb Ring
34:52 Hand Cart
34:46 Guard Tower
35:48 Ballistics
39:17 Leather Archer Armor
VLC | _Sr Mike_
8:03 Loom
14:05 Feudal Age
17:42 Double-Bit Axe
22:34 Castle Age
30:17 Horse Collar
31:20 Town Watch
32:58 Wheelbarrow
35:30 Wheelbarrow
35:15 Bow Saw
35:29 Gold Mining
36:53 Scale Mail Armor
37:35 Squires
37:52 Chain Mail Armor
37:22 Champi Runner
38:07 Champi Warrior
38:59 Forging
40:12 Heavy Plow
41:50 Gold Shaft Mining
42:15 Iron Casting
43:05 Caciques
Connection lost

Rejoining the realm…

Still unreachable

The connection could not be restored.

Session expired

The server has moved on; the page needs a fresh start.